 Dungeon Crawl Stone Soup version 0.29-a0-468-ge57f7f99b4 (webtiles) character file.

Game seed: 11039327762736704575

5280 siradein the Artisan of Death (level 10, 0/66 HPs)
             Began as a Demonspawn Necromancer on May 21, 2022.
             Was a Priest of Kikubaaqudgha.
             Slain by a kobold brigand
             ... wielding a +0 war axe
              (8 damage)
             ... in a bailey.
             The game lasted 00:21:56 (9712 turns).

siradein the Artisan of Death (DsNe)                Turns: 9712, Time: 00:21:57

Health: 0/66       AC: 34    Str:  8    XL:     10   Next: 37%
Magic:  24/24      EV:  3    Int: 28    God:    Kikubaaqudgha [***...]
Gold:   456        SH:  4    Dex: 13    Spells: 17/29 levels left

rFire   x . .      SeeInvis .   R - +3 scimitar
rCold   . . .      Faith    .   l - +0 buckler
rNeg    . . .      Spirit   .   N - +14 chain mail of Sin {Drain rF- Will+++ Int+6}
rPois   .          Reflect  .   (no helmet)
rElec   .          Harm     .   Q - +2 cloak {rCorr}
rCorr   +          Rampage  .   v - +0 pair of gloves
Will    +++..                   A - +0 pair of boots
Stlth   ..........              (no amulet)
HPRegen 0.21/turn               u - +4 ring of slaying
MPRegen 0.19/turn               K - +4 ring of protection

@: lethally poisoned (0 -> -12), slowed, very slow
A: slimy green scales 2, demonic guardian 2, spiny 1
a: Renounce Religion, Unearth Wretches


You were in a bailey.
You worshipped Kikubaaqudgha.
Kikubaaqudgha was most pleased with you.
You visited 1 branch of the dungeon, and saw 9 of its levels.
You also visited: Bailey.

You collected 456 gold pieces.

Inventory:

Hand Weapons
 O - a +4 dagger of chaos
 R - a +3 scimitar (weapon)
Missiles
 h - 7 poisoned darts
 y - 3 throwing nets
 z - 4 datura-tipped darts
Armour
 l - a +0 buckler (worn)
 v - a +0 pair of gloves (worn)
 A - a +0 pair of boots (worn)
 N - the +14 chain mail of Sin (worn) {Drain rF- Will+++ Int+6}
   (You found it on level 8 of the Dungeon)

   Int:       It affects your intelligence (+6).
   rF:        It makes you vulnerable to fire.
   Drain:     It drains your maximum health when unequipped.
   Will:      It greatly increases your willpower.
 Q - a +2 cloak of preservation (worn)
Jewellery
 t - a ring of magical power
 u - a +4 ring of slaying (left hand)
 G - a ring of positive energy
 K - a +4 ring of protection (right hand)
Wands
 c - a wand of acid (13)
 e - a wand of charming (10)
 q - a wand of digging (1)
 x - a wand of iceblast (30)
 D - a wand of flame (19)
 E - a wand of paralysis (6)
Scrolls
 a - a scroll of amnesia
 d - 2 scrolls of vulnerability
 f - a scroll of immolation
 g - 9 scrolls of teleportation
 j - a scroll of enchant weapon {unknown}
 k - a scroll of silence {unknown}
 o - 3 scrolls of blinking
 p - a scroll of enchant armour {unknown}
 F - a scroll of fear {unknown}
 H - a scroll of summoning {unknown}
 I - 3 scrolls of torment {unknown}
 L - a scroll of acquirement {unknown}
 M - 2 scrolls of magic mapping {unknown}
 T - a scroll of identify
Potions
 b - 2 potions of magic
 i - a potion of lignification
 m - 2 potions of curing
 n - 5 potions of mutation
 r - a potion of invisibility {unknown}
 s - 2 potions of flight {unknown}
 w - a potion of attraction {unknown}
 B - 4 potions of resistance {unknown}
 C - a potion of ambrosia {unknown}
 J - 3 potions of cancellation {unknown}
 P - 2 potions of brilliance
 S - a potion of might


   Skills:
 + Level 1.5 Fighting
 + Level 1.4 Armour
 + Level 2.0 Dodging
 - Level 1.7 Stealth
 + Level 1.4 Shields
 + Level 10.0 Spellcasting
 + Level 12.4 Necromancy


You had 17 spell levels left.
You knew the following spells:

 Your Spells              Type           Power      Damage    Failure   Level
a - Necrotize             Necr           100%       1d9       5%          1
b - Vampiric Draining     Necr           70%        2d11      17%         3
c - Animate Dead          Necr           70%        N/A       50%         4
d - Anguish               Hex/Necr       24%        N/A       100%        4

Your spell library contained the following spells:

 Spells                   Type           Power      Damage    Failure   Level
 Dispel Undead            Necr           70%        3d24      50%         4
 Agony                    Necr           70%        N/A       83%         5
 Magic Dart               Conj           56%        1d5       100%        1
 Call Imp                 Summ           14%        N/A       100%        2
 Mephitic Cloud           Conj/Pois/Air  14%        N/A       100%        3
 Corpse Rot               Necr/Pois/Air  37%        N/A       100%        4
 Borgnjor's Vile Clutch   Necr/Erth      24%        N/A       100%        5
 Simulacrum               Ice/Necr       24%        N/A       100%        6


Dungeon Overview and Level Annotations

Branches:
Dungeon (9/15)             Temple (0/1) D:6            Lair (0/6) D:9
 Bailey (1/1)
    Orc: D:9-12

Altars:
Cheibriados
Fedhas
Hepliaklqana
Kikubaaqudgha
Qazlal
Ru
Trog
Uskayaw
Vehumet
Yredelemnul
Zin
The Shining One

Annotations:
D:3 1 runed translucent door, Crazy Yiuf
D:6 3 runed translucent doors, Slifar's ghost, novice DrCA


Innate Abilities, Weirdness & Mutations

You are mostly covered in slimy green scales. (AC +3)
A demonic guardian rushes to your aid.
You are partially covered in sharp spines.


Message History

The kobold brigand hits you with a +0 war axe.
You block the kobold's attack.
The kobold brigand hits you but does no damage.
The kobold hits you.
The kobold brigand hits you but does no damage.
The kobold brigand hits you with a +0 war axe!
A demonic guardian appears!
The kobold is struck by your spines.
You kill the kobold!
Kikubaaqudgha accepts your kill. The kobold hits you but does no damage.
The kobold brigand is struck by your spines.
The kobold brigand hits you but does no damage.
You are too injured to fight recklessly!
Unknown command.
You are too injured to fight recklessly!
Unknown command.
You are too injured to fight recklessly!
The kobold attacks as you move away! The kobold is struck by your spines.
You kill the kobold!
Kikubaaqudgha accepts your kill. You block the kobold brigand's attack.
Your smoke demon closely misses the kobold brigand.
Your smoke demon barely misses the kobold brigand.
Your smoke demon hits the kobold brigand.
The kobold brigand throws a curare-tipped dart.
The curare-tipped dart hits you.
You are lethally poisoned!
You have difficulty breathing.
* * * LOW HITPOINT WARNING * * *
You feel as though you will be slow longer.
You closely miss the kobold brigand.
The kobold brigand is moderately wounded.
* * * LOW HITPOINT WARNING * * *
You feel extremely sick.
The kobold brigand hits you but does no damage.
Your smoke demon closely misses the kobold brigand. x2
Your smoke demon barely misses the kobold brigand.
The kobold brigand hits you with a +0 war axe!
You die...
Kikubaaqudgha rasps: "You have failed me!
Welcome... death!"

#≈≈.......≈≈##
.≈≈.......≈≈.
##≈≈.......≈≈###
..≈≈.......≈≈..
##≈≈.......≈≈###
..≈≈.......≈≈...
#≈≈...(((.≈≈#
#≈...3KK.≈#
####.(@####
#...# #...#
#...# ##'('##
##..∩..##
#.......#
#...∩...#
##.....##


You could see 2 kobold brigands and a friendly smoke demon (summoned).

Vanquished Creatures
  A two-headed ogre (D:8)
  Maurice (D:8)
  Psyche (D:8)
  Sigmund (D:3)
  A wyvern (D:9)
  An acid dragon (D:8)
  A water moccasin (D:5)
  Duvessa (D:7)
  A sky beast (D:6)
  3 ice beasts
  2 black bears
  2 ogres (D:5)
  A centaur (D:6)
  2 kobold brigands
  A lemure (D:4)
  A necrophage (D:6)
  A gnoll sergeant (D:7)
  A scorpion (D:7)
  4 bullfrogs
  Dowan (D:7)
  4 wights
  3 killer bees (D:9)
  4 jellies
  2 hounds
  An orc priest (D:9)
  Ijyb (D:3)
  2 iguanas
  A gnoll (D:7)
  7 adders
  A white imp (D:8)
  3 worms (D:4)
  2 dart slugs
  16 orcs
  9 ball pythons
  6 endoplasms
  4 giant cockroaches
  6 goblins
  7 hobgoblins
  2 jackals (D:2)
  18 kobolds
  4 quokkas
  2 bats (D:3)
  6 frilled lizards
  7 rats
146 creatures vanquished.

Vanquished Creatures (collateral kills)
  Pikel (D:4)
  Grinder (D:4)
  An ogre (D:4)
  A centaur (D:5)
  A phantom (D:7)
  A necrophage (D:5)
  2 wights (D:4)
  A howler monkey (D:4)
  A hound (D:7)
  A jelly (D:6)
  An iron imp (D:6)
  4 gnolls (D:7)
  An orc (D:4)
  3 endoplasms
  A goblin (D:1)
  A frilled lizard (D:4)
  2 rats (D:4)
24 creatures vanquished.

Vanquished Creatures (others)
  A sky beast zombie (D:6)
  3 kobold zombies (D:4)
  An orc zombie (D:4)
  2 rat zombies (D:4)
  9 fungi (D:3)
  3 plants (D:4)
19 creatures vanquished.

Grand Total: 189 creatures vanquished

Notes
Turn   | Place    | Note
-------+----------+-------------------------------------------
     0 | D:1      | siradein the Demonspawn Necromancer began the quest for the
                  | Orb.
     0 | D:1      | Reached XP level 1. HP: 13/13 MP: 3/3
   301 | D:1      | Gained mutation: A weak demonic guardian rushes to your
                  | aid. [demonic ancestry]
   301 | D:1      | Reached XP level 2. HP: 19/19 MP: 3/5
  1294 | D:2      | Found an ancient bone altar of Kikubaaqudgha.
  1341 | D:2      | Became a worshipper of Kikubaaqudgha
  1560 | D:2      | Reached skill level 5 in Necromancy
  1560 | D:2      | Reached XP level 3. HP: 24/24 MP: 5/7
  1564 | D:2      | Learned a level 3 spell: Vampiric Draining
  1733 | D:2      | Found a faded altar of an unknown god.
  2279 | D:3      | Found a hide-covered altar of Uskayaw.
  2334 | D:3      | Noticed Ijyb
  2436 | D:3      | Killed Ijyb
  2437 | D:3      | Reached XP level 4. HP: 27/30 MP: 2/8
  2651 | D:3      | Found a radiant altar of Vehumet.
  2783 | D:3      | Reached * piety under Kikubaaqudgha
  2783 | D:3      | Received a gift from Kikubaaqudgha
  2792 | D:3      | Learned a level 4 spell: Animate Dead
  3031 | D:3      | Noticed Sigmund
  3062 | D:3      | Killed Sigmund
  3063 | D:3      | Reached skill level 6 in Necromancy
  3063 | D:3      | Gained mutation: A demonic guardian rushes to your aid.
                  | [demonic ancestry]
  3063 | D:3      | Reached XP level 5. HP: 24/35 MP: 6/11
  3063 | D:3      | Reached XP level 6. HP: 28/41 MP: 6/12
  3192 | D:3      | Found a blossoming altar of Fedhas.
  3326 | D:3      | Found a runed translucent door.
  3327 | D:3      | Noticed Crazy Yiuf
  4197 | D:4      | Found a hazy altar of Hepliaklqana.
  4258 | D:4      | Reached skill level 7 in Necromancy
  4327 | D:4      | Reached skill level 5 in Spellcasting
  4456 | D:4      | Gained mutation: You are partially covered in slimy green
                  | scales. (AC +2) [demonic ancestry]
  4456 | D:4      | Reached XP level 7. HP: 16/46 MP: 3/14
  4484 | D:4      | Reached ** piety under Kikubaaqudgha
  4783 | D:4      | Noticed Grinder
  4790 | D:4      | Paralysed by Grinder for 4 turns
  4802 | D:4      | Killed Grinder
  4958 | D:4      | Reached skill level 8 in Necromancy
  5142 | D:4      | Noticed Pikel
  5160 | D:4      | Killed Pikel
  5161 | D:4      | Reached skill level 9 in Necromancy
  5161 | D:4      | Gained mutation: You are mostly covered in slimy green
                  | scales. (AC +3) [demonic ancestry]
  5161 | D:4      | Reached XP level 8. HP: 52/52 MP: 18/18
  5417 | D:5      | Entered Level 5 of the Dungeon
  5686 | D:5      | Found a basalt altar of Yredelemnul.
  5864 | D:5      | Noticed an angel
  6028 | D:5      | Found an ancient bone altar of Kikubaaqudgha.
  6036 | D:5      | Found a stormy altar of Qazlal.
  6042 | D:5      | Reached skill level 10 in Necromancy
  6582 | D:6      | Gained mutation: You are partially covered in sharp spines.
                  | [demonic ancestry]
  6582 | D:6      | Reached XP level 9. HP: 57/57 MP: 20/20
  6661 | D:6      | Found a sacrificial altar of Ru.
  6675 | D:6      | Found a staircase to the Ecumenical Temple.
  7130 | D:6      | Found a runed translucent gate.
  7130 | D:6      | Found a runed translucent gate.
  7130 | D:6      | Found a runed translucent gate.
  7136 | D:6      | Noticed Slifar's ghost (novice DrCA)
  7163 | D:6      | Found a snail-covered altar of Cheibriados.
  7491 | D:7      | Noticed Duvessa
  7498 | D:7      | Learned a level 4 spell: Anguish
  7500 | D:7      | Noticed Dowan
  7542 | D:7      | Killed Duvessa
  7554 | D:7      | Killed Dowan
  7742 | D:7      | Reached skill level 11 in Necromancy
  7907 | D:7      | Reached *** piety under Kikubaaqudgha
  7907 | D:7      | Received a gift from Kikubaaqudgha
  8828 | D:8      | Noticed a two-headed ogre
  8948 | D:8      | Found a bloodstained altar of Trog.
  8953 | D:8      | Noticed Psyche
  8983 | D:8      | Killed Psyche
  9101 | D:8      | Reached XP level 10. HP: 42/63 MP: 23/23
  9101 | D:8      | Noticed Maurice
  9106 | D:8      | Reached skill level 12 in Necromancy
  9119 | D:8      | Killed Maurice
  9154 | D:8      | Identified the +14 chain mail of Sin {Drain rF- Will+++
                  | Int+6}
  9429 | D:8      | Killed a two-headed ogre
  9430 | D:8      | Reached skill level 1 in Fighting
  9430 | D:8      | Reached skill level 1 in Armour
  9430 | D:8      | Reached skill level 1 in Shields
  9430 | D:8      | Reached skill level 10 in Spellcasting
  9647 | D:9      | Found a flagged portal.
  9650 | D:9      | Found a staircase to the Lair.
  9664 | Bailey   | Entered a bailey
  9712 | Bailey   | Slain by a kobold brigand

Illustrated notes

Levels and vault maps discovered:
D:1:      minmay_arrival_diagonal_passages, layout_basic, grunt_decor_arrowhead,
          minmay_misc_feat_hallway
D:2:      layout_basic, basic_altar,
          hellmonk_ecumenical_altar_pennies_from_heaven
D:3:      layout_basic, mainiacjoe_overflow_paths,
          mainiacjoe_overflow_cross_hatched, mainiacjoe_overflow_catwalk,
          minmay_increasing_density, uniq_sigmund, uniq_crazy_yiuf_cottage,
          uniq_ijyb
D:4:      layout_cave_pools, mainiacjoe_overflow_chevrons,
          nicolae_tso_swordbearing_angel, grunt_ministairs_11,
          hangedman_decor_lopped, lexackson_kobold_supper, uniq_pikel,
          uniq_grinder
D:5:      layout_rooms, mainiacjoe_overflow_divided_tiny, zin_angel,
          mainiacjoe_overflow_boulevard
D:6:      layout_basic, slow_altar_2, nicolae_overflow_hidden_temple,
          temple_pool_b, gammafunk_ghost_necromancy, serial_bayou_crossing
D:7:      layout_basic, minmay_misc_feat_tiny, uniq_duvessa
D:8:      layout_basic, nicolae_overflow_crystal_walls, nrook_mini_vaults,
          uniq_maurice, uniq_psyche
D:9:      layout_grid_maze, lair_entry_dummy, zombieorc1_lemuel, enter_bailey_5,
          grunt_decor_mini_mirrors, nicolae_elevator_lobby_asterisk
Bailey:   bailey_axe_3, bailey

Skill      XL: |  1  2  3  4  5  6  7  8  9 10 |
---------------+-------------------------------+-----
Necromancy     | 5 6 7 9 10 11 12 | 12.4
Spellcasting   | 3 4 5 6 7 9 10 | 10.0
Fighting       | 1 |  1.5
Armour         | 1 |  1.4
Shields        | 1 |  1.4
Dodging        | 2 |  2.0
Stealth        | |  1.7

Action                   |  1- 3 |  4- 6 |  7- 9 | 10-12 || total
-------------------------+-------+-------+-------+-------++-------
Melee: Falchion          |     1 |       |       |       ||     1
       Spear             |     1 |     1 |       |       ||     2
       Mace              |       |    15 |    92 |       ||   107
       Dagger            |       |       |     7 |     7 ||    14
       Whip              |       |       |     4 |       ||     4
       Scimitar          |       |       |       |    25 ||    25
 Cast: Necrotize         |    65 |    68 |    33 |       ||   166
       Vampiric Draining |       |     7 |    52 |     5 ||    64
       Animate Dead      |       |     2 |     7 |     2 ||    11
Evoke: Wand              |       |       |     1 |       ||     1
  Use: Scroll            |       |     7 |     4 |       ||    11
 Stab: Distracted        |       |       |     3 |       ||     3
       Sleeping          |       |       |     1 |       ||     1
Armor: Robe              |     2 |     3 |       |       ||     5
       Leather armour    |       |     7 |    83 |     4 ||    94
       Chain mail        |       |       |       |    45 ||    45
Dodge: Dodged            |     8 |    36 |    89 |    13 ||   146
Block: Buckler           |     2 |     7 |    18 |    17 ||    44

Table legend: (Time is in decaauts)
 A = Elapsed time spent in this place.
 B = Non-inter-level travel time spent in this place.
 C = Inter-level travel time spent in this place.
 D = Time resting spent in this place.
 E = Time spent auto-exploring this place.
 F = Levels seen in this place.
 G = Mean time per level.
                   A        B        C        D        E       F      G
               +--------+--------+--------+--------+--------+-----+--------+
         Total |   9781 |   9516 |    265 |    158 |   7670 |  10 |  978.1 |
       Dungeon |   9729 |   9464 |    265 |    158 |   7636 |   9 | 1081.0 |
        Bailey |     52 |     52 |      0 |      0 |     34 |   1 |   52.0 |
               +--------+--------+--------+--------+--------+-----+--------+

Top non-repeatable levels by time:
     D:4: 1757 daAuts
     D:3: 1424 daAuts
     D:7: 1372 daAuts
     D:1: 1256 daAuts
     D:6: 1049 daAuts
     D:2: 1004 daAuts
     D:5: 964 daAuts
     D:8: 807 daAuts
     D:9: 92 daAuts
  Bailey: 52 daAuts
